 Dungeon Crawl Stone Soup version 0.27.1-35-g4d5d836560 (webtiles) character file.

Game seed: 1930344777614677689

99 cbfl8 the Sneak (level 4, -5/40 HPs)
             Began as a Minotaur Delver on Mar 14, 2022.
             Slain by an iguana (8 damage)
             ... on level 4 of the Dungeon.
             The game lasted 00:01:08 (477 turns).

cbfl8 the Sneak (Minotaur Delver)                    Turns: 477, Time: 00:01:09

Health: -5/40      AC:  8    Str: 17    XL:     4   Next: 45%
Magic:  3/3        EV:  7    Int:  7    God:
Gold:   9          SH:  0    Dex: 12    Spells: 3/3 levels left

rFire    . . .     SeeInvis .   a - +0 hand axe
rCold    . . .     Faith    .   (no shield)
rNeg     . . .     Spirit   .   d - +0 chain mail
rPois    .         Reflect  .   (helmet restricted)
rElec    .         Harm     .   (no cloak)
rCorr    .         Rampage  .   (no gloves)
Will     .....                  (no boots)
Stlth    ..........             (no amulet)
HPRegen  0.13/turn              (no ring)
MPRegen  0.08/turn              (no ring)

@: no status effects
A: horns 2, retaliatory headbutt
a: no special abilities


You were on level 4 of the Dungeon.
You visited 1 branch of the dungeon, and saw 2 of its levels.

You collected 9 gold pieces.

Inventory:

Hand Weapons
 a - a +0 hand axe (weapon)
Armour
 b - a +0 leather armour
 d - a +0 chain mail (worn)
Wands
 g - a wand of digging (7)
Scrolls
 c - a scroll of fog
 e - a scroll of fear
 i - a scroll of identify {unknown}
Potions
 f - a potion of haste
 h - a potion of flight {unknown}
 j - a potion of curing {unknown}


   Skills:
 + Level 4.2 Fighting
 + Level 2.6 Axes
 + Level 1.4 Armour
 + Level 2.5 Dodging
 + Level 5.1 Stealth


You had 3 spell levels left.
You didn't know any spells.
Your spell library was empty.

Dungeon Overview and Level Annotations

Branches:
Dungeon (5/15)
 Temple: D:4-7

Altars:
Dithmenos


Innate Abilities, Weirdness & Mutations

You have a pair of horns on your head.
You reflexively headbutt those who attack you in melee.


Message History

The adder bites you but does no damage. The adder closely misses you.
You furiously retaliate!
You headbutt the adder.
You kill the adder!
Your Fighting skill increases to level 4!
Your Armour skill increases to level 1!
Your Stealth skill increases to level 5!
You have reached level 4!
You feel agile.
You hit the worm but do no damage. You headbutt the worm!
The worm is heavily wounded.
The worm bites you but does no damage.
You hit the worm. Your headbutt misses the worm.
The worm is severely wounded.
The worm barely misses you.
You hit the worm. You headbutt the worm.
You kill the worm!
You start resting.
An iguana comes into view.
An iguana is nearby!
The iguana hisses angrily.
The iguana hisses menacingly.
Found 11 gold pieces.
An iguana is nearby!
Found a fizzy white potion.
You see here a fizzy white potion.
j - a fizzy white potion The iguana bites you but does no damage.
You hit the iguana but do no damage. The iguana bites you!
You closely miss the iguana. You headbutt the iguana.
The iguana is moderately wounded.
The iguana bites you!
* * * LOW HITPOINT WARNING * * *
You closely miss the iguana. Your headbutt misses the iguana.
The iguana is moderately wounded.
The iguana bites you.
* * * LOW HITPOINT WARNING * * *
You hit the iguana but do no damage. You headbutt the iguana.
The iguana is heavily wounded.
The iguana bites you!
You die...

### ######### #.####
#.......# #....# #.#####.#
#.##.# #.# #.# #.##.# #.# #.#
#.##.# #.# #.# #.##.#
####.#####.# #>##.# ########
#....#@..#.###.##.#
#......####.####l..#........#
#..............#...##########
.......#..#..........$...
.†.................######
'####..............#
....##.............#
.....##..#......####
......##..........


You could see an iguana.

Vanquished Creatures
  A water moccasin zombie (D:4)
  A hound (D:5)
  An adder (D:4)
  A worm (D:4)
  An orc (D:5)
5 creatures vanquished.

Notes
Turn   | Place    | Note
-------+----------+-------------------------------------------
     0 | D:5      | cbfl8 the Minotaur Delver began the quest for the Orb.
     0 | D:5      | Reached XP level 1. HP: 19/19 MP: 0/0
    26 | D:5      | Found a shadowy altar of Dithmenos.
    32 | D:5      | Noticed a hound
    67 | D:5      | Killed a hound
    68 | D:5      | Reached XP level 2. HP: 4/27 MP: 1/1
    68 | D:5      | Reached XP level 3. HP: 5/33 MP: 2/2
   441 | D:4      | Reached skill level 1 in Armour
   441 | D:4      | Reached skill level 5 in Stealth
   441 | D:4      | Reached XP level 4. HP: 22/40 MP: 3/3
   477 | D:4      | Slain by an iguana

Illustrated notes

Levels and vault maps discovered:
D:4:      kennysheep_big_flooded_room, layout_basic
D:5:      layout_loops_ring, nicolae_dithmenos_through_a_glass_darkly,
          mainiacjoe_overflow_concentric_impassable, bloody_makhleb, uniq_ijyb

Skill      XL: |  1  2  3 |
---------------+----------+-----
Fighting       | 4 |  4.2
Armour         | 1 |  1.4
Stealth        | 5 |  5.1
Axes           | |  2.6
Dodging        | |  2.5

Action                   |  1- 3 |  4- 6 || total
-------------------------+-------+-------++-------
Melee: Hand axe          |    20 |     7 ||    27
       Headbutt          |     2 |     4 ||     6
  Use: Scroll            |     1 |       ||     1
Armor: Leather armour    |     1 |       ||     1
       Chain mail        |    13 |     2 ||    15
Dodge: Dodged            |    22 |     1 ||    23
